 Dungeon Crawl Stone Soup version 0.28-a0-413-gde365fb1df (webtiles) character file.

Game seed: 16662564178953918411

202 Astera the Covered (level 5, 0/32 HPs)
             Began as a Tengu Fighter on Sept 7, 2021.
             Was a Believer of Yredelemnul.
             Slain by Pikel (3 damage)
             ... on level 2 of the Dungeon.
             The game lasted 00:14:18 (4253 turns).

Astera the Covered (Tengu Fighter)                  Turns: 4253, Time: 00:14:19

Health: 0/32       AC:  7    Str: 17    XL:     5   Next: 80%
Magic:  7/7        EV: 11    Int:  8    God:    Yredelemnul [**....]
Gold:   60         SH:  5    Dex: 14    Spells: 4/4 levels left

rFire   . . .      SeeInvis .   a - +0 rapier
rCold   . . .      Faith    .   c - +0 buckler
rNeg    . . .      Spirit   .   b - +0 scale mail
rPois   .          Reflect  .   (helmet restricted)
rElec   .          Harm     .   (no cloak)
rCorr   .          Rampage  .   (no gloves)
Will    .....                   (boots unavailable)
Stlth   ..........              (no amulet)
HPRegen 0.10/turn               (no ring)
MPRegen 0.10/turn               (no ring)

@: flying quickly and evasively, quick
A: beak, talons 3, nimble flight
a: Renounce Religion, Animate Remains, Recall Undead Slaves, Injury Mirror


You were on level 2 of the Dungeon.
You worshipped Yredelemnul.
Yredelemnul was pleased with you.
You visited 1 branch of the dungeon, and saw 4 of its levels.

You collected 60 gold pieces.

Inventory:

Hand Weapons
 a - a +0 rapier (weapon)
 o - a +0 dagger of venom
Missiles
 m - a throwing net (quivered)
Armour
 b - a +0 scale mail (worn)
 c - a +0 buckler (worn)
Jewellery
 s - a ring of protection from cold
Wands
 r - a wand of iceblast (9)
Scrolls
 e - 2 scrolls of noise {unknown}
 g - a scroll of fog {unknown}
 k - a scroll of magic mapping {unknown}
 l - 5 scrolls of identify {unknown}
 n - a scroll of silence {unknown}
 p - a scroll of fear {unknown}
 u - a scroll of brand weapon {unknown}
Potions
 d - a potion of might
 f - 2 potions of mutation {unknown}
 h - a potion of degeneration {unknown}
 i - a potion of lignification {unknown}
 j - a potion of cancellation {unknown}
 q - a potion of curing
 t - 2 potions of brilliance {unknown}


   Skills:
 + Level 3.6 Fighting
 + Level 3.4 Short Blades
 + Level 4.4 Armour
 + Level 0.8 Dodging
 + Level 0.6 Stealth
 + Level 3.7 Shields
 + Level 1.6 Invocations


You had 4 spell levels left.
You didn't know any spells.
Your spell library was empty.

Dungeon Overview and Level Annotations

Branches:
Dungeon (4/15)
 Temple: D:4-7

Altars:
Yredelemnul

Annotations:
D:2 Pikel


Innate Abilities, Weirdness & Mutations

You have a beak for a mouth.
You have claws for feet.
Your magical nature lets you fly swiftly and evasively.


Message History

Pikel hits you with a +1 whip of freezing.
Pikel freezes you.
You completely miss Pikel. You peck Pikel, but do no damage.
Pikel is moderately wounded.
Your ball python zombie barely misses Pikel.
Your ball python zombie grabs Pikel.
Your ball python zombie constricts Pikel.
You block Pikel's attack.
The lemure hits your ball python zombie.
You hit Pikel. You claw Pikel, but do no damage.
Pikel is heavily wounded.
Your ball python zombie closely misses the lemure.
Your ball python zombie constricts Pikel.
Pikel hits you with a +1 whip of freezing.
* * * LOW HITPOINT WARNING * * *
Pikel freezes you.
* * * LOW HITPOINT WARNING * * *
The lemure barely misses your ball python zombie.
You hit Pikel but do no damage. You claw Pikel, but do no damage.
Pikel is heavily wounded.
Your ball python zombie bites the lemure but does no damage.
Your ball python zombie constricts Pikel.
Pikel barely misses you.
The lemure hits your ball python zombie!
Your ball python zombie is destroyed!
You see here 21 sling bullets.
Pikel cracks his whip.
There is a stone staircase leading up here.
Pikel closely misses you.
You fly upwards.
There is a stone staircase leading down here.
Pikel barely misses you.
You closely miss Pikel. Your peck misses Pikel.
Pikel is moderately wounded.
Your goblin zombie hits Pikel but does no damage.
Pikel hits you with a +1 whip of freezing.
* * * LOW HITPOINT WARNING * * *
Pikel freezes you.
You die...
Your body rises from the dead as a mindless zombie.

#....############.##..###
#.......#)....)...###.##.
#########....##.#.....).)........
.......##..........Z..........##.
..............#.#####.##.###.....
.).....#####..................##.
###†######....##.###.#.....##.#..
.....###........K....#.....##.Z.#
..............ZZ@..###.....###.Z.
......###.......................#
.....## #..................)##..#
.....####..................###<.#
.......#........#####....>...#..#
..).............# #............
................# ##........#..
<......)........# #...........
..........Z....## ####.....).#


You could see Pikel (ally target), a friendly worm zombie and a friendly goblin
zombie.

Vanquished Creatures
  Jessica (D:1)
  Ijyb (D:3)
  2 gnolls (D:2)
  2 adders (D:2)
  A dart slug (D:3)
  A worm (D:2)
  7 ball pythons
  2 bats (D:3)
  4 endoplasms
  2 giant cockroaches
  3 hobgoblins
  3 jackals (D:1)
  5 quokkas
  2 frilled lizards (D:3)
  10 goblins
  4 kobolds
  4 rats
54 creatures vanquished.

Vanquished Creatures (collateral kills)
  A lemure (D:3)
  Terence (D:1)
  Robin (D:1)
  A gnoll (D:1)
  An endoplasm (D:3)
  2 goblins (D:1)
  2 hobgoblins (D:2)
9 creatures vanquished.

Vanquished Creatures (others)
  3 ball python zombies (D:3)
  A dart slug zombie (D:3)
  A frilled lizard zombie (D:3)
  2 giant cockroach zombies
  A goblin zombie (D:3)
  2 kobold zombies
  2 quokka zombies
  A rat zombie (D:3)
13 creatures vanquished.

Grand Total: 76 creatures vanquished

Notes
Turn   | Place    | Note
-------+----------+-------------------------------------------
     0 | D:1      | Astera the Tengu Fighter began the quest for the Orb.
     0 | D:1      | Reached XP level 1. HP: 14/14 MP: 2/2
   331 | D:1      | Reached XP level 2. HP: 19/19 MP: 3/3
   340 | D:1      | Found a faded altar of an unknown god.
   348 | D:1      | Became a worshipper of Yredelemnul the Dark
   348 | D:1      | Reached * piety under Yredelemnul
  1164 | D:2      | Noticed Jessica
  1323 | D:1      | Killed Jessica
  1324 | D:1      | Reached skill level 4 in Armour
  1324 | D:1      | Reached XP level 3. HP: 23/23 MP: 4/4
  1485 | D:2      | Reached XP level 4. HP: 23/28 MP: 5/5
  1808 | D:2      | Noticed Robin
  1818 | D:1      | Killed Robin
  1819 | D:1      | Reached skill level 1 in Invocations
  1929 | D:2      | Reached ** piety under Yredelemnul
  2132 | D:2      | Gained mutation: Your magical nature lets you fly swiftly
                  | and evasively. [Tengu growth]
  2132 | D:2      | Reached XP level 5. HP: 32/32 MP: 5/7
  2294 | D:2      | Noticed Terence
  2417 | D:1      | Killed Terence
  2823 | D:3      | Noticed Ijyb
  2840 | D:3      | Killed Ijyb
  3462 | D:4      | Noticed Pikel
  3462 | D:4      | Noticed a lemure
  3462 | D:4      | Noticed a lemure
  3463 | D:4      | Noticed a lemure
  3465 | D:4      | Noticed a lemure
  3469 | D:3      | Killed a lemure
  3588 | D:3      | Your ally Ijyb died
  4253 | D:2      | Slain by Pikel

Illustrated notes

Levels and vault maps discovered:
D:1:      minmay_arrival_floating_metal, layout_loops_ring,
          dreamdust_ecumenical_altar_grove
D:2:      layout_rooms, uniq_robin, uniq_terence, uniq_jessica
D:3:      layout_basic, st_stairs_6, minmay_misc_feat_encased,
          minmay_misc_feat_room, nrook_campfire, uniq_ijyb
D:4:      layout_basic, serial_curves, eino_curves_03, eino_curves_04,
          uniq_eustachio, uniq_sigmund, uniq_menkaure, uniq_crazy_yiuf_cottage,
          uniq_duvessa, uniq_pikel

Skill      XL: |  1  2  3  4  5 |
---------------+----------------+-----
Armour         | 4 |  4.4
Invocations    | 1 |  1.6
Short Blades   | 3 |  3.4
Fighting       | |  3.6
Dodging        | |  0.8
Stealth        | |  0.6
Shields        | |  3.7

Action                   |  1- 3 |  4- 6 || total
-------------------------+-------+-------++-------
Melee: Rapier            |    44 |   112 ||   156
       Kick              |     9 |    25 ||    34
       Peck              |     3 |    19 ||    22
Invok: Animate Remains   |     8 |    13 ||    21
 Stab: Distracted        |       |     1 ||     1
Armor: Scale mail        |    21 |    43 ||    64
Dodge: Dodged            |    20 |    56 ||    76
Block: Buckler           |    10 |    28 ||    38

Table legend: (Time is in decaauts)
 A = Elapsed time spent in this place.
 B = Non-inter-level travel time spent in this place.
 C = Inter-level travel time spent in this place.
 D = Time resting spent in this place.
 E = Time spent auto-exploring this place.
 F = Levels seen in this place.
 G = Mean time per level.
                   A        B        C        D        E       F      G
               +--------+--------+--------+--------+--------+-----+--------+
         Total |   4199 |   4108 |     91 |   1277 |   1817 |   4 | 1049.8 |
       Dungeon |   4199 |   4108 |     91 |   1277 |   1817 |   4 | 1049.8 |
               +--------+--------+--------+--------+--------+-----+--------+

Top non-repeatable levels by time:
     D:1: 1849 daAuts
     D:3: 1191 daAuts
     D:2: 1152 daAuts
     D:4: 6 daAuts
